 Dungeon Crawl Stone Soup version 0.27.1 (webtiles) character file.

Game seed: 17256014040963714941

632 Atelerd the Digger (level 7, -2/41 HPs)
             Began as an Octopode Earth Elementalist on Sept 1, 2021.
             Slain by a gnoll (6 damage)
             ... on level 4 of the Dungeon.
             The game lasted 00:09:02 (4872 turns).

Atelerd the Digger (Octopode Earth Elementalist)    Turns: 4872, Time: 00:09:03

Health: -2/41      AC:  1    Str:  7    XL:     7   Next: 49%
Magic:  14/14      EV: 13    Int: 19    God:
Gold:   161        SH:  0    Dex: 14    Spells: 5/15 levels left

rFire    + + +     SeeInvis .   c - +2 short sword (drain)
rCold    . . .     Faith    .   (no shield)
rNeg     + + .     Spirit   .   (helmet restricted)
rPois    +         Reflect  .   (no amulet)
rElec    .         Harm     .   d - ring "Haecet" {rPois rF+++ rCorr Dex-5 Slay+4}
rCorr    +         Rampage  .   l - ring "Poupla" {rF+ rN++ Dex+6}
Will     .....                  (no ring)
Stlth    ++++......             (no ring)
HPRegen  0.13/turn              (no ring)
MPRegen  0.14/turn              (no ring)
                                (no ring)
                                (no ring)

@: no status effects
A: almost no armour, amphibious, 8 rings, camouflage 1, gelatinous body 1,
(nimble swimmer 1), tentacles
a: no special abilities


You were on level 4 of the Dungeon.
You visited 1 branch of the dungeon, and saw 4 of its levels.
You also visited: Sewer.

You collected 175 gold pieces.
You spent 14 gold pieces at shops.

Inventory:

Hand Weapons
 c - a +2 short sword of draining (weapon)
Missiles
 b - 27 stones
Jewellery
 d - the ring "Haecet" (left tentacle) {rPois rF+++ rCorr Dex-5 Slay+4}
   (You acquired it on level 4 of the Dungeon)

   [ring of slaying]

   Dex:       It affects your dexterity (-5).
   Slay:      It affects your accuracy & damage with ranged weapons and melee
   (+4).
   rF:        It renders you almost immune to fire.
   rPois:     It protects you from poison.
   rCorr:     It protects you from acid and corrosion.
 l - the ring "Poupla" (right tentacle) {rF+ rN++ Dex+6}
   (You acquired it on level 4 of the Dungeon)

   [ring of dexterity]

   Dex:       It affects your dexterity (+6).
   rF:        It protects you from fire.
   rN:        It greatly protects you from negative energy.
Scrolls
 e - a scroll of immolation {unknown}
 f - 2 scrolls of identify {unknown}
 h - a scroll of teleportation {unknown}
 i - 2 scrolls of fog
 j - a scroll of fear {unknown}
 k - a scroll of silence {unknown}
 m - a scroll of noise
Potions
 a - 2 potions of degeneration
 g - 3 potions of curing {unknown}


   Skills:
 - Level 2.0 Dodging
 - Level 4.0 Stealth
 + Level 4.9 Spellcasting
 + Level 2.3 Transmutations
 * Level 6.0 Earth Magic


You had 5 spell levels left.
You knew the following spells:

 Your Spells              Type           Power      Damage    Failure   Level
a - Sandblast             Erth           54%        2d13      1%          1
b - Lee's Rapid Deconstr  Erth           13%        3d10*     28%         5
p - Petrify               Tmut/Erth      20%        N/A       22%         4

Your spell library contained the following spells:

 Spells                   Type           Power      Damage    Failure   Level
 Passwall                 Tmut/Erth      16%        N/A       3%          2
 Stone Arrow              Conj/Erth      32%        3d9       11%         3
 Animate Skeleton         Necr           8%         N/A       13%         1
 Apportation              Tloc           8%         N/A       13%         1
 Corona                   Hex            4%         N/A       13%         1
 Summon Small Mammal      Summ           16%        N/A       13%         1
 Static Discharge         Conj/Air       4%         N/A       19%         2
 Gell's Gravitas          Tloc           2%         N/A       36%         3
 Inner Flame              Hex/Fire       4%         N/A       36%         3
 Ozocubu's Armour         Ice            4%         N/A       36%         3
 Teleport Other           Tloc           4%         N/A       36%         3
 Cause Fear               Hex            2%         N/A       77%         4
 Fulminant Prism          Conj/Hex       2%         3d6       77%         4
 Iskenderun's Mystic Bla  Conj/Tloc      4%         2d3       77%         4
 Lightning Bolt           Conj/Air       2%         1d13      98%         5
 Dispersal                Tloc           2%         N/A       100%        6
 Ozocubu's Refrigeration  Ice            2%         4d5       100%        7
 Discord                  Hex            2%         N/A       100%        8
 Maxwell's Capacitive Co  Air            2%         ∞         100%        8


Dungeon Overview and Level Annotations

Branches:
Dungeon (4/15)              Sewer (visited)
 Temple: D:4-7

Altars:
Xom

Shops:
D:2 !


Innate Abilities, Weirdness & Mutations

You cannot wear most types of armour.
You are amphibious.
You can wear up to eight rings at the same time.
Your skin changes colour to match your surroundings (Stealth+).
Your rubbery body absorbs attacks. (AC +1, EV +1)
((You are camouflaged near water. (Stealth+)))
You have tentacles for arms and can constrict up to eight enemies at once.


Message History

Found a scroll labelled MUAG GEACRU.
f - 2 scrolls labelled MUAG GEACRU (gained 1)
There is a stone staircase leading up here.
Key pressed, stopping explore.
No target in view!
A goblin and 2 gnolls come into view.
The gnoll shouts!
You hear a shout! x3
A gnoll comes into view. It is wielding a +0 whip.
A gnoll and a skeleton come into view.
Found 12 gold pieces.
There are monsters nearby!
A gnoll shaman comes into view. It is wielding a +0 club.
The gnoll hits you with a +0 spear!
The gnoll shaman calls upon its god to speed up the gnoll.
The gnoll shouts!
The gnoll seems to speed up.
The goblin shouts!
You hit the gnoll. Your grab misses the gnoll.
The gnoll is heavily wounded.
The gnoll barely misses you. The gnoll hits you with a +0 spear.
There are monsters nearby!
There are monsters nearby!
Unknown command.
Unknown command.
The gnoll hits you from afar with a +0 spear.
The gnoll hits you from afar with a +0 spear!
Unknown command.
Casting: Sandblast (safe; 1% risk of failure)
Confirm with . or Enter, or press ? or * to list all spells.
Okay, then.
The gnoll completely misses you. The gnoll closely misses you.
The gnoll hits you from afar with a +0 spear.
* * * LOW HITPOINT WARNING * * *
The gnoll hits you from afar with a +0 spear.
* * * LOW HITPOINT WARNING * * *
The gnoll completely misses you.
Okay, then.
The gnoll hits you from afar with a +0 spear.
You die...

#<..)...##.#####
#####.......##.#...
#....###.....#.#.##
###....# #####.#....#
####### .......# #.###..#
....... ###....# #.#....#
....... #....#####
#.#.##.##.$..... #........#
#.#.#.g.Z.......
#....###.###.#@#..##.......
#....# #.....#..ggg........
####################.......
#.............# #######
#.###########.# #.# #.#
######.# #.#######
.......#### #.......# ####
..........### #######.#
#...


You could see 2 gnolls and a goblin.

Vanquished Creatures
  Sigmund (D:3)
  2 bullfrogs (Sewer)
  A scorpion (D:4)
  A bullfrog zombie (D:3)
  A hound (D:4)
  An orc wizard (D:4)
  2 hound skeletons (D:4)
  A gnoll (D:4)
  6 adders
  4 worms
  10 orcs
  5 endoplasms
  8 giant cockroaches
  6 goblins
  5 hobgoblins
  4 jackals (D:4)
  7 quokkas
  10 ball pythons
  7 bats
  6 frilled lizards
  9 kobolds
  7 rats
104 creatures vanquished.

Notes
Turn   | Place    | Note
-------+----------+-------------------------------------------
     0 | D:1      | Atelerd the Octopode Earth Elementalist began the quest for
                  | the Orb.
     0 | D:1      | Reached XP level 1. HP: 11/11 MP: 3/3
   479 | D:1      | Reached XP level 2. HP: 17/17 MP: 1/5
  1347 | D:2      | Reached XP level 3. HP: 21/21 MP: 6/6
  1381 | D:2      | Found Boaddyuwn's Distillery.
  1392 | D:2      | Bought a potion of degeneration for 14 gold pieces
  1636 | D:2      | Found a shimmering altar of Xom.
  1777 | D:2      | Reached XP level 4. HP: 23/27 MP: 4/7
  1878 | D:2      | Found a faded altar of an unknown god.
  2298 | D:3      | Found a glowing drain.
  2340 | Sewer    | Entered a sewer
  2645 | Sewer    | Reached skill level 4 in Earth Magic
  2645 | Sewer    | Reached XP level 5. HP: 27/31 MP: 9/9
  2867 | Sewer    | Reached XP level 6. HP: 26/36 MP: 9/11
  3791 | D:3      | Noticed Sigmund
  3806 | D:3      | Killed Sigmund
  3807 | D:3      | Reached skill level 5 in Earth Magic
  3807 | D:3      | Reached XP level 7. HP: 31/41 MP: 10/13
  4460 | D:4      | Learned a level 4 spell: Petrify
  4466 | D:4      | Learned a level 5 spell: Lee's Rapid Deconstruction
  4592 | D:4      | Reached skill level 6 in Earth Magic
  4629 | D:4      | Identified 2 scrolls of acquirement
  4629 | D:4      | Acquired the ring "Haecet" {rPois rF+++ rCorr Dex-5 Slay+4}
  4631 | D:4      | Acquired the ring "Poupla" {rF+ rN++ Dex+6}
  4872 | D:4      | Slain by a gnoll

Illustrated notes

Levels and vault maps discovered:
D:1:      minmay_arrival_four_circles, layout_basic, grunt_decor_fettered
D:2:      layout_basic, shapermc_ecumenical_altar_mp_highgroup, serial_shops,
          shop_statue, basic_altar
D:3:      layout_basic, gup_sewer_entry_glass, uniq_sigmund
D:4:      layout_basic, minmay_bent

Skill      XL: |  1  2  3  4  5  6  7 |
---------------+----------------------+-----
Stealth        | 3 4 |  4.0
Transmutations | 2 |  2.3
Spellcasting   | 3 4 |  4.9
Earth Magic    | 4 5 6 |  6.0
Dodging        | |  2.0

Action                   |  1- 3 |  4- 6 |  7- 9 || total
-------------------------+-------+-------+-------++-------
Melee: Unarmed           |    19 |       |       ||    19
       Constrict         |    15 |    24 |     6 ||    45
       Tentacles         |     2 |     8 |     4 ||    14
       Short sword       |    43 |    92 |    38 ||   173
 Cast: Sandblast         |     9 |    18 |    16 ||    43
  Use: Potion            |       |     2 |       ||     2
       Scroll            |       |       |     4 ||     4
 Stab: Sleeping          |    13 |    10 |       ||    23
Armor: Skin              |     4 |     8 |     3 ||    15
Dodge: Dodged            |    38 |    59 |    25 ||   122
